 Dungeon Crawl Stone Soup version 0.23-a0-586-gacb4b3f (webtiles) character file.

60 Inarius the Chopper (level 3, 0/29 HPs)
             Began as a Demonspawn Chaos Knight on Dec 19, 2018.
             Was a Plaything of Xom.
             Slain by Robin
             ... wielding a +1 mace of protection
              (4 damage)
             ... on level 1 of the Dungeon.
             The game lasted 00:04:11 (1983 turns).

Inarius the Chopper (Demonspawn Chaos Knight)       Turns: 1983, Time: 00:04:12

Health: 0/29       AC:  7    Str: 13    XL:     3   Next: 82%
Magic:  3/3        EV: 11    Int: 13    God:    Xom [....*.]
Gold:   94         SH:  0    Dex: 14    Spells: 2/2 levels left

rFire    . . .     SeeInvis .   m - +0 hand axe (curse)
rCold    . . .     Gourm    .   (no shield)
rNeg     . . .     Faith    .   b - +3 leather armour
rPois    .         Spirit   .   (no helmet)
rElec    .         Reflect  .   (no cloak)
rCorr    .         Harm     .   (no gloves)
MR       .....                  n - +0 pair of boots
Stlth    ++........             (no amulet)
HPRegen  0.09/turn              (no ring)
MPRegen  0.08/turn              (no ring)

@: no status effects
A: thin skeletal structure 1
a: Renounce Religion


You were on level 1 of the Dungeon.
You worshipped Xom.
You were a beloved toy of Xom.
You were very hungry.

You visited 1 branch of the dungeon, and saw 2 of its levels.

You collected 94 gold pieces.

Inventory:

Hand Weapons
 a - a +0 hand axe of chaos
 d - a +0 short sword
 l - a +0 short sword
 m - a cursed +0 hand axe (weapon)
Armour
 b - a +3 leather armour (worn)
 n - a +0 pair of boots (worn)
Magical Staves
 h - an uncursed staff of poison {unknown}
Scrolls
 i - 2 scrolls of teleportation
 o - a scroll of blinking
Potions
 f - a potion of brilliance
Comestibles
 c - 3 rations


   Skills:
 + Level 3.3 Fighting
 + Level 3.6 Axes
 + Level 1.9 Armour
 + Level 1.3 Dodging
 * Level 1.1 Stealth


You had 2 spell levels left.
You didn't know any spells.
Your spell library was empty.

Dungeon Overview and Level Annotations

Branches:
Dungeon (2/15)

Altars:
Hepliaklqana
Okawaru

Annotations:
D:1 Robin


Innate Abilities, Weirdness & Mutations

You have a somewhat thin skeletal structure. (Dex +2, Stealth)


Message History

Unknown command.
Unknown command.
Firing (i - inventory) No suitable missiles.
Press: ? - help, Shift-Dir - straight line, f - Robin
Aim: Robin, wielding a +1 mace of protection, wearing a +0 animal skin and
Okay, then.
Okay, then.
Unknown command.
Okay, then.
Unknown command.
You hit Robin but do no damage.
Robin is almost dead.
Robin closely misses you.
You closely miss Robin.
Robin is almost dead.
You barely miss Robin.
Robin is almost dead.
Robin hits you with a +1 mace of protection.
You die... "What!?
That's it?"

#......###.# #......# #.#
###......###.# ############
.........#.#.# #.##.......#
.....#..##.#.#
###.##.##.####
.....##.##.#.# #...##.##.#
.....##..#.#.####.#....##.#
########.#.....g.....#.##.#
#..(#.###@.........#
##..#.###....##.####
#..#..#.....##.#
##.#..#...#.##.#
######.........#.##.#
#....#.....#...#.##.#
#....#.#.)..........#
#..รท.#...>....##.####
#...g###.##.####.#####


You could see Robin.

Vanquished Creatures
  3 gnolls
  An ooze (D:1)
  A dart slug (D:1)
  A ball python (D:1)
  A giant cockroach (D:1)
  4 goblins
  4 hobgoblins
  6 bats
  A frilled lizard (D:1)
  5 kobolds
  5 rats (D:1)
32 creatures vanquished.

Notes
Turn   | Place    | Note
-------+----------+-------------------------------------------
     0 | D:1      | Inarius the Demonspawn Chaos Knight began the quest for the
                  | Orb.
     0 | D:1      | Reached XP level 1. HP: 18/18 MP: 1/1
   104 | D:1      | XOM: silly message
   278 | D:1      | XOM: harmless Tloc miscast
   279 | D:1      | Reached skill level 1 in Dodging
   279 | D:1      | Gained mutation: You have a somewhat thin skeletal
                  | structure. (Dex +2, Stealth) [demonic ancestry]
   279 | D:1      | Reached XP level 2. HP: 24/24 MP: 2/2
   711 | D:2      | XOM: confuse monster(s)
   712 | D:2      | Reached XP level 3. HP: 6/29 MP: 3/3
   977 | D:1      | Reached skill level 1 in Stealth
  1337 | D:1      | XOM: god gift: thick runed staff {god gift}
  1463 | D:2      | Found an iron altar of Okawaru.
  1528 | D:2      | Found a hazy altar of Hepliaklqana.
  1540 | D:2      | Noticed Robin
  1567 | D:2      | XOM: 6-stop teleportation journey
  1824 | D:1      | XOM: divination: detect creatures
  1983 | D:1      | Slain by Robin

Vault maps used:
D:1:      roderic_chinese_lattice_arrival, minmay_cupped
D:2:      old_standard_altar, nicolae_overflow_hidden_temple, uniq_robin

Skill      XL: |  1  2  3 |
---------------+----------+-----
Axes           | 3 |  3.6
Dodging        | 1 |  1.3
Stealth        | 1 |  1.1
Fighting       | |  3.3
Armour         | |  1.9

Action                   || total
-------------------------++-------
Melee: Hand axe          ||   136
  Use: Scroll            ||     8
       Potion            ||     3
 Stab: Invisible         ||     1
       Sleeping          ||     1
  Eat: Chunk             ||     2
Armor: Leather armour    ||    67
Dodge: Dodged            ||    82

Table legend:
 A = Non-vault XP
 B = Vault XP
 C = Vault XP percentage of total XP
 D = Non-vault monster count
 E = Vault monster count
 F = Vault count percentage of total count
                 A         B        C        D         E       F
            +---------+---------+-------+---------+---------+-------
      Total |      75 |      12 |  13.8 |      25 |       7 |  21.9
            +---------+---------+-------+---------+---------+-------
        D:1 |      51 |       6 |  10.5 |      21 |       4 |  16.0
        D:2 |      24 |       6 |  20.0 |       4 |       3 |  42.9
            +---------+---------+-------+---------+---------+-------
